Mecha, neutral male human Priest ----- --...| ---- --....-----|..| |<....*....|..-- | |.|..|..--.--.@|.| |.|-.|---|.(...d.- |.|-.| ----..f|B.... |.|..| |.|....| .......| |.|..| -...|.| ---- ..| |....| ----|.| | |....| |.| |....| |.| |.|..| |. |.|--- --- --.| --..| |...-- |....| ---.-- --- Mecha the Acolyte Experience level: 5 Strength: 14 Dexterity: 13 Constitution: 16 Intelligence: 10 Wisdom: 17 Charisma: 9 Health: 0(47) Energy: 53(53) Def: 9 Gold: 343 Moves: 2080 Dungeon seed: h1fUeTJJcPJZkst5 Game ID: Mecha_1478123962 Your Inventory: Coins $ - 343 gold pieces Amulets K - an amulet of magical breathing (being worn) Weapons a - a blessed +1 mace (weapon in hand) D - 4 +0 daggers Armor e - a +0 robe n - a +0 small shield (being worn) r - a +0 pair of iron shoes (being worn) y - a blessed +2 dwarvish cloak N - a cursed +0 dwarvish mithril-coat (being worn) Y - a cursed +0 cloak of magic resistance Comestibles c - 2 cloves of garlic t - a tin of kobold meat L - a cursed apple M - 4 cursed lembas wafers Scrolls h - a blessed scroll of identify p - a scroll of confuse monster J - a cursed scroll of amnesia Spellbooks O - a spellbook of sleep Potions b - 4 potions of holy water w - a potion of invisibility z - a potion of confusion E - a cursed potion of sleeping F - a potion of restore ability Rings i - a ring of protection from shape changers Wands l - a wand of create monster (0:13) s - a wand of cancellation (0:5) v - a wand of teleportation (0:8) G - a cursed wand of teleportation (0:8) H - a cursed wand of fire (0:5) I - a cursed wand of digging (0:5) Tools P - a cursed sack Q - a cursed magic lamp R - a cursed oil lamp (0:251) Contents of the sack: a scroll of confuse monster a scroll of create monster a scroll of destroy armor a scroll of enchant armor a spellbook of charm monster a blessed spellbook of force bolt a potion of blindness a potion of confusion a potion of extra healing a potion of levitation a +1 ring of gain strength a ring of polymorph Spells and supernatural/magical abilities: Name Level Category Fail Memory n - detect monsters 1 divination 95% 90% v - clairvoyance 3 divination 100% 90% x - extra healing 3 healing 100% 92% W - pray for help -- divine ? -- X - turn undead -- divine ? -- Your skills at the end: Fighting Skills Weapon Skills mace [Basic] Spellcasting Skills clerical spells [Basic] Final Attributes: You were piously aligned. You were telepathic. You could survive without air. You are dead. Vanquished creatures: a ghost a dwarf lord a rock mole a fog cloud a giant ant a floating eye a dwarf 2 iguanas 2 coyotes 2 hobbits a brown mold 2 gnomes a gnome zombie 3 geckos 4 jackals 2 foxes a kobold a goblin 4 sewer rats 8 grid bugs 4 lichens 3 kobold zombies 5 newts 52 creatures vanquished. Voluntary challenges: You used a wielded weapon 59 times, starting on turn 22. You read items or engraved 11 times, starting on turn 272. You never genocided any monsters. You never polymorphed an object. You never changed form. You used no wishes. You never split a pudding. You never wrote Elbereth's name. You never violated your personal moral code. Dungeon overview: The Dungeons of Doom: levels 1 to 2 Level 1 (water, spellbooks, gems) a long staircase Level 2 a wand shop, some fountains stairs to The Gnomish Mines The Gnomish Mines: levels 3 to 5 Level 3 stairs to The Dungeons of Doom Level 4 (floating eye) Level 5 <- You were here History has recorded: On T:1 you entered the Dungeons of Doom to retrieve the Amulet of Yendor! On T:406 you advanced to experience level 2. On T:568 you reached level 2 of The Dungeons of Doom. On T:937 you advanced to experience level 3. On T:1044 you reached level 1 of The Gnomish Mines. On T:1057 you reached level 2 of The Gnomish Mines. On T:1540 you advanced to experience level 4. On T:1746 you advanced to experience level 5. On T:1971 you reached level 3 of The Gnomish Mines. Score breakdown: Gold: 343 ( 8628 points) Experience: 5 levels (11141 points) Exploration: 5 levels ( 10.87%) ( 8944 points) Discoveries: 3 items ( 1.01%) ( 3015 points) Valuables value: (no points given unless you survive) Artifact value: 0 ( 0 points) Variety of kills: 23 monsters ( 6.04%) ( 7370 points) Turncount: 2080 turns ( -58 points) Survival: died (score multiplied by 80%) Total score: 31232 Latest messages: You finish eating the dwarf lord corpse. You hear a wolf howling at the moon. There are a few objects here. You displace your kitten. There are a few objects here. You hear a wolf howling at the moon. You see here a pick-axe. You hear a wolf howling at the moon. You are carrying too much to get through. You hear the splashing of a naiad. You displace your kitten. (2x) The kitten misses the werewolf. The werewolf bites! The kitten misses the werewolf. You miss the werewolf. The kitten misses the werewolf. The werewolf bites! You miss the werewolf. The kitten misses the werewolf. The werewolf bites! The kitten misses the werewolf. You hit the werewolf! The kitten bites the werewolf. The werewolf bites the kitten. The werewolf bites! (2x) You die... Final status: Goodbye Mecha the Priest, killed by a werewolf... You died in The Gnomish Mines on dungeon level 5 with 31232 points, and 343 pieces of gold, after 2080 moves. You were level 5 with a maximum of 47 hit points when you died.